Map: Echo LE (Void)

Players

Musumeci - Winner!

  • Race: Zerg Zerg
  • League: Diamond
  • Spawn Location: 11:00

ShdwHntr

  • Race: Protoss Protoss
  • League: Diamond
  • Spawn Location: 5:00

VOD

Have the link to the VOD?

Description

Time

  • Played on: Dec. 22, 2016, 6:13 a.m.
  • Length: 3:08
Show
View Real Time Build Order
Export as new Build Order

Musumeci Zerg - Winner!

Build Orders: Hatch First 

Get SALT Encoding   

  12  0:01  Drone  
  13  0:08  Drone  
  13  0:13  Extractor  
  13  0:16  Drone  
  15  0:43  Hatchery  
  14  0:50  Drone, Extractor  
  15  1:03  Spawning Pool  
  14  1:54  Queen  
  16  2:09  Spine Crawler  
  13  2:24  Queen, Extractor  
  14  2:33  Spine Crawler  
Show
View Real Time Build Order
Export as new Build Order

ShdwHntr Protoss 

Build Orders:  

Get SALT Encoding   

  12  0:01  Probe (Chrono Boost)  
  13  0:12  Probe (Chrono Boost)  
  14  0:18  Pylon  
  14  0:22  Probe (Chrono Boost)  
  15  0:36  Probe (Chrono Boost)  
  15  0:38  Forge  
  16  0:46  Probe (Chrono Boost)  
  17  0:57  Probe (Chrono Boost)  
  17  1:01  Assimilator  
  17  1:02  Assimilator  
  18  1:20  Pylon  
  18  1:23  Pylon  
  17  1:27  Pylon  
  17  1:31  Pylon  
  17  1:35  Pylon  
  17  1:42  Photon Cannon  
  17  1:45  Probe (Chrono Boost)  
  18  1:55  Probe (Chrono Boost)  
  19  2:02  Gateway  
  19  2:15  Probe (Chrono Boost)  
  20  2:17  Assimilator  
  20  2:24  Photon Cannon  
  20  2:30  Photon Cannon  
  20  2:40  Probe (Chrono Boost)  
  21  2:50  Probe (Chrono Boost)  
  22  2:56  Pylon  
  22  2:57  Cybernetics Core  
Tags
 
Matchup
PvZ
Replay Pack
replay pack
Spawn Locations
Cross Positions
Add a new tag
Caveats
  • Supply blocks, unpowered buildings, or Contaminate may cause inaccurate times.
  • Supply counts are checked every 10 seconds.